 Dungeon Crawl Stone Soup version 0.18-a0-1805-g8ab820f (webtiles) character file.

147 MovingMist the Skirmisher (level 5, -3/50 HPs)
             Began as a Naga Fighter on Apr 26, 2016.
             Slain by Edmund
             ... wielding a +0 dire flail
              (18 damage)
             ... on level 4 of the Dungeon.
             The game lasted 00:07:34 (2758 turns).

MovingMist the Skirmisher (Naga Fighter)            Turns: 2758, Time: 00:07:35

Health: -3/50      AC:  7    Str: 22    XL:     5   Next: 29%
Magic:  5/5        EV:  4    Int:  7    God:
Gold:   70         SH:  9    Dex: 11    Spells: 0 memorised, 4 levels left

rFire  . . .     SeeInvis +     a - +1 trident
rCold  . . .     Gourm    .     r - +0 chain mail
rNeg   . . .     Faith    .     c - +0 shield
rPois  +         Spirit   .     (helmet restricted)
rElec  .         Dismiss  .     i - +0 cloak
rCorr  .         Reflect  .     (no gloves)
SustAt .         Harm     .     (no barding)
MR     .....                    g - amulet of regeneration
Stlth  ..........               (no ring)
                                b - +4 ring of strength

@: very slow, not resistant to hostile enchantments, extremely unstealthy
A: horns 1, stinger 1, see invisible, deformed body, dopey 1, poison resistance,
slowness 2, slow metabolism 1, spit poison 2, AC +1
a: Spit Poison


You were on level 4 of the Dungeon.
You were not hungry.

You visited 1 branch of the dungeon, and saw 4 of its levels.

You collected 70 gold pieces.

Inventory:

Hand Weapons
 a - a +1 trident (weapon)
Missiles
 e - 4 tomahawks (quivered)
Armour
 c - a +0 shield (worn)
 i - a +0 cloak (worn)
 r - a +0 chain mail (worn)
Jewellery
 b - a +4 ring of strength (left hand)
 g - an amulet of regeneration (around neck)
Scrolls
 o - a scroll of magic mapping
 q - a scroll of identify
Potions
 d - a potion of might
 k - 3 potions of cancellation {unknown}
 l - a potion of heal wounds {unknown}
 p - 2 potions of curing {unknown}
 s - a potion of degeneration {unknown}
Comestibles
 f - 3 bread rations
 h - a chunk of flesh
 j - a meat ration
 m - 3 fruits
 n - a beef jerky


   Skills:
 + Level 3.8 Fighting
 + Level 3.0 Polearms
 - Level 2.6 Armour
 + Level 1.4 Dodging
 + Level 3.2 Shields


You had 4 spell levels left.
You didn't know any spells.

Dungeon Overview and Level Annotations

Branches:
Dungeon (4/15)
 Temple: D:4-7

Altars:
Kikubaaqudgha
Zin

Annotations:
D:4 Edmund


Innate Abilities, Weirdness & Mutations

You cannot wear boots.
Your serpentine skin is tough (AC +1).
You have supernaturally acute eyesight.
Armour fits poorly on your strangely shaped body.
Your system is resistant to poisons.
You cover ground very slowly.
You have a slow metabolism.
You can spit poison.
You have a pair of small horns on your head.
Your tail ends in a poisonous barb.
You are dopey. (Int -2)


Message History

Edmund is lightly wounded.
Edmund hits you with a dire flail! Edmund completely misses you.
You hit Edmund. You headbutt Edmund!
Edmund is moderately wounded.
Edmund hits you but does no damage.
Your shield and chain mail prevent you from hitting Edmund.
Your headbutt misses Edmund.
Edmund is moderately wounded.
You block Edmund's attack. Edmund hits you with a dire flail.
Your shield and chain mail prevent you from hitting Edmund.
Edmund is moderately wounded.
You block Edmund's attack. Edmund hits you with a dire flail.
You puncture Edmund!
Edmund is moderately wounded.
Edmund hits you with a dire flail!
* * * LOW HITPOINT WARNING * * *
You barely miss Edmund.
Edmund is moderately wounded.
Edmund hits you with a dire flail!!
You die...

##################
#........[........
#.##########.#.###
#@# #...#...# #@#
#.#####.. #.#
#...#...# #.#
###.#.### #.#
#...# # #.# #...#
# #.# #...# # #.#
..... . ........


You could see Edmund (berserk).

Vanquished Creatures
  3 adders
  A howler monkey skeleton (D:4)
  An ooze (D:1)
  3 worms
  3 dart slugs
  3 giant geckos
  4 orcs (D:3)
  A bat zombie (D:3)
  2 giant cockroaches
  12 goblins
  10 hobgoblins
  10 jackals
  A quokka (D:3)
  8 bats
  2 giant newts
  6 kobolds
  7 rats
  2 rat zombies (D:3)
79 creatures vanquished.

Notes
Turn   | Place    | Note
--------------------------------------------------------------
     0 | D:1      | MovingMist the Naga Fighter began the quest for the Orb.
     0 | D:1      | Reached XP level 1. HP: 21/21 MP: 1/1
     3 | D:1      | Noticed an electric eel
    18 | D:1      | Noticed an electric eel
    66 | D:1      | Reached XP level 2. HP: 28/28 MP: 2/2
   248 | D:1      | Reached XP level 3. HP: 27/34 MP: 3/3
   967 | D:2      | Reached XP level 4. HP: 42/42 MP: 4/4
  1107 | D:2      | Reached skill level 1 in Dodging
  1983 | D:3      | Gained mutation: Your tail ends in a poisonous barb. [potion of mutation]
  1983 | D:3      | Gained mutation: You have a pair of small horns on your head. [potion of mutation]
  1984 | D:3      | Gained mutation: You are dopey. (Int -2) [potion of mutation]
  2164 | D:3      | Found a glowing silver altar of Zin.
  2172 | D:3      | Reached XP level 5. HP: 44/49 MP: 5/5
  2198 | D:3      | Found an ancient bone altar of Kikubaaqudgha.
  2748 | D:4      | Noticed Edmund
  2758 | D:4      | Slain by Edmund

Vault maps used:
D:1:      arrival_aquarium_b
D:2:      serial_co_window_serial, co_window_paths_b, co_window_corner_a,
          co_window_paths_a, co_window_corner_a, co_window_corner_a,
          co_window_paths_a, co_window_corner_a, co_window_broadway_c,
          co_window_of_opportunity_c, co_window_of_opportunity_c,
          co_window_unsneaky_path_c, co_window_of_opportunity_b,
          co_window_broadway_a, co_window_4corner_b
D:3:      lemuel_zombie_altar_kikubaaqudgha, zin_statuary
D:4:      overflow_temple_1_default, temple_hall, uniq_crazy_yiuf_cottage,
          uniq_edmund, uniq_blork_the_orc

Skill      XL: |  1  2  3  4  5 |
---------------+----------------+-----
Shields        | 3 |  3.2
Dodging        | 1 |  1.4
Polearms       | 3 |  3.0
Fighting       | |  3.8
Armour         | |  2.6

Action                   |  1- 3 |  4- 6 || total
-------------------------+-------+-------++-------
Melee: Trident           |   131 |   166 ||   297
       Tailslap          |       |    10 ||    10
       Headbutt          |       |     6 ||     6
  Use: Scroll            |     1 |     4 ||     5
       Potion            |       |     2 ||     2
  Eat: Chunk             |       |     5 ||     5
Armor: Scale mail        |    62 |    48 ||   110
       Chain mail        |       |    33 ||    33
Dodge: Dodged            |    18 |    29 ||    47
Block: Shield            |    70 |    53 ||   123
